wizbiz, neutral female human Wizard ------------- +............# ------- |II.........|# #-.....| I^I.........|# #|<....| -------------# #|.....| # #|....)| # #------- # ## # # # # # # ### # #------# #.....|# |....|# |.>..-# |....| ------ wizbiz the Conjurer Experience level: 3 Strength: 11 Dexterity: 14 Constitution: 11 Intelligence: 18 Wisdom: 13 Charisma: 9 Health: 0(25) Energy: 25(25) Def: 3 Gold: 172 Moves: 914 Dungeon seed: E1ZCURmzDUI5IicY Game ID: wizbiz_1527218616 Your Inventory: Coins $ - 172 gold pieces Weapons a - a blessed +1 quarterstaff (weapon in hands) o - a +0 knife p - a cursed -1 orcish dagger u - 2 +0 daggers Armor y - an uncursed +0 orcish helm (being worn) z - an uncursed +0 orcish helm E - an uncursed +1 cloak of magic resistance (being worn) Scrolls i - an uncursed scroll of identify k - an uncursed scroll of destroy armor v - an uncursed scroll of light F - a blessed scroll of enchant weapon Spellbooks l - a blessed spellbook of force bolt m - an uncursed spellbook of sleep A - an uncursed spellbook of healing G - an uncursed spellbook of magic missile Potions f - an uncursed potion of sleeping g - an uncursed potion of full healing h - an uncursed potion of restore ability x - a potion of unholy water C - an uncursed potion of object detection Rings c - an uncursed ring of cold resistance (on right hand) d - an uncursed ring of slow digestion (on left hand) s - an uncursed ring of invisibility D - a cursed -2 ring of increase accuracy Wands b - a wand of make invisible (0:8) w - a wand of striking (0:5) Tools e - an uncursed lock pick n - an uncursed blindfold t - an uncursed oil lamp (0:1032) Gems q - an uncursed worthless piece of yellow glass r - an uncursed worthless piece of yellowish brown glass Spells and supernatural/magical abilities: Name Level Category Fail Memory a - force bolt 1 attack 0% 96% h - healing 1 healing 0% 99% m - magic missile 2 attack 0% 100% z - sleep 1 enchantment 0% 96% W - pray for help -- divine ? -- Your skills at the end: Fighting Skills Weapon Skills quarterstaff [Basic] Spellcasting Skills attack spells [Basic] enchantment spells [Basic] Final Attributes: You were piously aligned. You were cold resistant. You were magic-protected. You were blinded. You had slower digestion. You are dead. Vanquished creatures: a werejackal 2 hobbits a gecko 4 jackals a kobold 2 goblins 3 lichens 2 newts 16 creatures vanquished. Voluntary challenges: You were an atheist. You used a wielded weapon 11 times, starting on turn 23. You read items or engraved 6 times, starting on turn 3. You never genocided any monsters. You never polymorphed an object. You never changed form. You used no wishes. You never split a pudding. You never wrote Elbereth's name. You never violated your personal moral code. Dungeon overview: The Dungeons of Doom: levels 1 to 5 Level 1 a fountain a long staircase Level 2 Level 3 stairs to The Gnomish Mines Level 4 <- You were here Level 5 The Gnomish Mines: Level 4 stairs to The Dungeons of Doom History has recorded: On T:1 you entered the Dungeons of Doom to retrieve the Amulet of Yendor! On T:229 you advanced to experience level 2. On T:441 you reached level 2 of The Dungeons of Doom. On T:632 you reached level 3 of The Dungeons of Doom. On T:663 you reached level 1 of The Gnomish Mines. On T:678 you advanced to experience level 3. On T:849 you reached level 4 of The Dungeons of Doom. On T:881 you reached level 5 of The Dungeons of Doom. Score breakdown: Gold: 172 ( 7613 points) Experience: 3 levels ( 7878 points) Exploration: 5 levels ( 10.42%) ( 8751 points) Discoveries: 2 items ( 0.70%) ( 2504 points) Valuables value: (no points given unless you survive) Artifact value: 0 ( 0 points) Variety of kills: 8 monsters ( 2.10%) ( 4347 points) Turncount: 914 turns ( 0 points) Survival: died (score multiplied by 80%) Total score: 24874 Latest messages: $ - 64 gold pieces. You displace your kitten. G - a dull spellbook. You see here a samurai sword. You begin to memorize the runes. You add the "magic missile" spell to your repertoire. You hear a door open. You stop exploring. You kill the gecko! You stop exploring. You are momentarily blinded by a flash of light! It bites! (2x) Wait! There's something there you can't see! It bites! (2x) You hit it. It misses. It bites! You write in the dust with your fingers. It bites! (2x) It just misses! It shrieks. It bites! You die... Final status: Goodbye wizbiz the Wizard, killed by a giant bat... You died in The Dungeons of Doom on dungeon level 4 with 24874 points, and 172 pieces of gold, after 914 moves. You were level 3 with a maximum of 25 hit points when you died.